 Dungeon Crawl Stone Soup version 0.30.1-11-g7821555f0a (webtiles) character file.

Game seed: 17832494222064417415

143112 billyroblox the Hoplite (level 16, -7/156 HPs)
             Began as a Minotaur Fighter on Dec 29, 2023.
             Was the Champion of Qazlal.
             Mangled by a +2 trident of distortion (11 damage)
             ... on level 2 of the Elven Halls on Dec 31, 2023.
             The game lasted 01:27:23 (30392 turns).

billyroblox the Hoplite (Minotaur Fighter)         Turns: 30392, Time: 01:27:23

Health: -7/156     AC: 42    Str: 34    XL:     16   Next: 82%
Magic:  15/15      EV: 12    Int:  5    God:    Qazlal [******]
Gold:   2231       SH: 30    Dex: 11    Spells: 15/15 levels left

rFire   + . .        I - +3 flail (protect)
rCold   + + .        r - +0 kite shield {reflect}
rNeg    . . .        b - +5 plate armour {rC+}
rPois   .            l - +1 hat
rElec   +            x - +0 cloak
rCorr   .            t - +2 pair of gloves
SInv    .            m - +0 pair of boots
Will    +....        H - amulet of reflection Stlth
                     a - ring of the Octopus King {rF+ HP+2 AC+2 EV+2 SH+2}
HPRegen 0.46/turn    z - ring "Qourhieh" {rElec rC+ Str+6}
MPRegen 0.14/turn

%: repel missiles, reflection
@: mighty, protected from physical damage, under a protective aura, on berserk
cooldown, slowed, studying 2 skills, very slow
A: horns 2, retaliatory headbutt
a: Renounce Religion, Upheaval, Elemental Force, Disaster Area


You were on level 2 of the Elven Halls.
You worshipped Qazlal.
Qazlal was exalted by your worship.
You visited 6 branches of the dungeon, and saw 26 of its levels.

You collected 2231 gold pieces.

Inventory:

Hand Weapons
 y - a +2 hammer of venom
 I - a +3 flail of protection (weapon)
Missiles
 F - 8 throwing nets (quivered)
Armour
 b - a +5 plate armour of cold resistance (worn)
 l - a +1 hat (worn)
 m - a +0 pair of boots (worn)
 r - a +0 kite shield of reflection (worn)
 t - a +2 pair of gloves (worn)
 x - a +0 cloak (worn)
Jewellery
 a - a ring of the Octopus King (left hand) {rF+ HP+2 AC+2 EV+2 SH+2}
   (You found it on level 5 of the Lair of Beasts)

   [ring of protection from fire]

   AC:        It affects your AC (+2).
   EV:        It affects your evasion (+2).
   rF:        It protects you from fire.
   HP:        It affects your health (+2).
   SH:        It affects your SH (+2).
 f - a ring of see invisible
 h - a +6 ring of strength
 n - a ring of willpower
 z - the ring "Qourhieh" (right hand) {rElec rC+ Str+6}
   (You found it on level 14 of the Dungeon)

   [ring of strength]

   Str:       It affects your strength (+6).
   rC:        It protects you from cold.
   rElec:     It insulates you from electricity.
 H - an amulet of reflection (around neck)
 J - a ring of positive energy
 L - a ring of poison resistance
 U - an amulet of faith
 X - an amulet of regeneration
Wands
 d - a wand of charming (14)
 k - a wand of roots (17)
 s - a wand of flame (57)
 A - a wand of digging (15)
 M - a wand of acid (11)
 Z - a wand of polymorph (7)
Scrolls
 i - 3 scrolls of poison
 o - 2 scrolls of fog
 u - a scroll of enchant weapon {unknown}
 v - 3 scrolls of blinking
 w - 2 scrolls of torment {unknown}
 D - a scroll of amnesia {unknown}
 E - 5 scrolls of magic mapping
 G - 10 scrolls of teleportation
 K - 3 scrolls of fear
 N - a scroll of butterflies {unknown}
 P - a scroll of acquirement {unknown}
 S - a scroll of brand weapon {unknown}
 W - 2 scrolls of silence
Potions
 e - 3 potions of heal wounds
 g - 15 potions of curing
 j - 7 potions of cancellation
 p - 4 potions of haste
 q - 7 potions of ambrosia
 Q - 2 potions of berserk rage
 R - 3 potions of flight
 T - a potion of brilliance
 V - 2 potions of invisibility
 Y - 3 potions of might


   Skills:
 * Level 16.8 Fighting
 - Level 17.5 Maces & Flails
 + Level 16.1 Armour
 + Level 5.0 Dodging
 + Level 22.3 Shields


You had 15 spell levels left.
You didn't know any spells.
Your spell library contained the following spells:

 Spells                   Type           Power      Damage    Failure   Level
 Apportation              Tloc           0%         N/A       94%         1
 Sandblast                Erth           0%         2d4       94%         1
 Slow                     Hex            0%         N/A       94%         1
 Sting                    Tmut/Pois      0%         1d3       94%         1
 Cigotuvi's Dreadful Rot  Necr/Pois/Air  0%         N/A       98%         2
 Ensorcelled Hibernation  Hex/Ice        0%         N/A       98%         2
 Passwall                 Tmut/Erth      0%         N/A       98%         2
 Poisonous Vapours        Pois/Air       0%         N/A       98%         2
 Static Discharge         Conj/Air       0%         2-2/arc   98%         2
 Confusing Touch          Hex            0%         N/A       100%        3
 Inner Flame              Hex/Fire       0%         N/A       100%        3
 Ozocubu's Armour         Ice            0%         N/A       100%        3
 Portal Projectile        Hex/Tloc       0%         N/A       100%        3
 Stone Arrow              Conj/Erth      0%         3d7       100%        3
 Swiftness                Air            0%         N/A       100%        3
 Tukima's Dance           Hex            0%         N/A       100%        3
 Vampiric Draining        Necr           0%         2d6       100%        3
 Airstrike                Air            0%         2d(0-16)  100%        4
 Dispel Undead            Necr           0%         3d6       100%        4
 Olgreb's Toxic Radiance  Pois           0%         N/A       100%        4
 Summon Lightning Spire   Summ/Air       0%         N/A       100%        4
 Alistair's Intoxication  Tmut/Pois      0%         N/A       100%        5
 Blade Hands              Tmut           0%         N/A       100%        5
 Metabolic Englaciation   Hex/Ice        0%         N/A       100%        5
 Summon Mana Viper        Hex/Summ       0%         N/A       100%        5
 Yara's Violent Unravell  Hex/Tmut       0%         3d3       100%        5
 Conjure Ball Lightning   Conj/Air       0%         3x3d6     100%        6
 Death Channel            Necr           0%         N/A       100%        6
 Simulacrum               Ice/Necr       0%         N/A       100%        6
 Enfeeble                 Hex            0%         N/A       100%        7
 Malign Gateway           Summ/Tloc      0%         N/A       100%        7
 Borgnjor's Revivificati  Necr           0%         N/A       100%        8
 Discord                  Hex            0%         N/A       100%        8
 Disjunction              Tloc           0%         N/A       100%        8
 Necromutation            Tmut/Necr      0%         N/A       100%        8
 Death's Door             Necr           0%         N/A       100%        9


Dungeon Overview and Level Annotations

Branches:
Dungeon (15/15)            Temple (1/1) D:5            Lair (5/5) D:11
 Shoals (1/4) Lair:3       Spider (0/4) Lair:2        Slime (0/5) Lair:5
    Orc (2/2) D:12            Elf (2/3) Orc:2        Vaults (0/5) D:14
 Depths (0/4) D:15

Altars:
Ashenzari
Cheibriados
Dithmenos
Elyvilon
Fedhas
Gozag
Hepliaklqana
Kikubaaqudgha
Makhleb
Nemelex Xobeh
Okawaru
Qazlal
Ru
Sif Muna
Trog
Uskayaw
Vehumet
Wu Jian
Xom
Yredelemnul
Zin
The Shining One
Jiyva

Shops:
D:4 ?   D:5 *   D:13 *   Orc:2 (([:   Elf:1 (![*:   Elf:2 (

Annotations:
D:10 exclusion: obsidian statue
Elf:2 2 transporters, kalagan's ghost, adept DECj


Innate Abilities, Weirdness & Mutations

You have a pair of horns on your head.
You reflexively headbutt those who attack you in melee.


Message History

Space warps horribly around you!!
The deep elf pyromancer casts a spell.
The deep elf pyromancer blinks!
You block the +0 short sword of distortion's attack.
You block the +2 trident of distortion's attack.
You closely miss the +0 short sword of distortion.
Your headbutt misses the +0 short sword of distortion.
The +0 short sword of distortion is lightly damaged.
The +0 short sword of distortion closely misses you.
You furiously retaliate!
You headbutt the +0 short sword of distortion.
You block the +2 glaive of pain's attack.
You block the +2 glaive of distortion's attack.
The +2 trident of distortion hits you from afar!
Your resistance to fire fades away.
You feel protected from physical attacks.
Space warps horribly around you!!
* * * LOW HITPOINT WARNING * * *
You block the +0 short sword of distortion's attack.
The +2 glaive of pain is engulfed in blazing flames.
The +2 glaive of pain hits you from afar.
* * * LOW HITPOINT WARNING * * *
The +2 glaive of distortion hits you from afar!
* * * LOW HITPOINT WARNING * * *
Space warps horribly around you!!
* * * LOW HITPOINT WARNING * * *
You feel much better.
You block the +0 short sword of distortion's attack.
The +2 trident of distortion hits you but does no damage.
You blink.
You block the deep elf pyromancer's attack.
The deep elf zephyrmancer hits you but does no damage.
The +2 glaive of distortion hits you but does no damage.
Space warps horribly around you!
* * * LOW HITPOINT WARNING * * *
The deep elf zephyrmancer casts a spell.
The deep elf zephyrmancer blinks!
The +2 trident of distortion hits you but does no damage.
Space warps horribly around you!
You die...

##..........#
##..........⌠# .......
#............#
.§...e.##
#.⌠..........#
.......##
#...........##
#......###..........##
#......##.........##
#.○(☼..##.....⌠..##
##.°.)).§@e......##
#..☼.§°((''#######
#....☼).§°(E.#
.....☼...○.○...
.........Ee☼...
.........○..☼...
.........☼......e
..........○.......
...........°...


You could see 3 deep elf pyromancers, a deep elf zephyrmancer, 2 fire elementals
and 4 dancing weapons.

Vanquished Creatures
  Rupert (D:14)
  A deep elf blademaster (Elf:2)
  Frances (D:14)
  Donald (Orc:2)
  An orc warlord (Orc:2)
  5 apis
  Nessos (D:14)
  3 deep elf demonologists (Elf:1)
  A deep elf annihilator (Elf:1)
  A deep elf death mage (Elf:1)
  A fire dragon (D:14)
  A deep elf high priest (Elf:2)
  A rakshasa (D:14)
  A catoblepas (D:14)
  12 hydras
  5 centaur warriors
  A merfolk avatar (Lair:5)
  4 boulder beetles
  An ogre mage (D:10)
  2 death knights (D:12)
  9 death yaks
  3 orc high priests (Orc:2)
  Erica (Orc:1)
  3 tengu warriors
  A vampire mage (D:15)
  A two-headed ogre (D:11)
  Urug (D:14)
  18 dancing weapons
  10 deep elf knights
  Sonja (Orc:2)
  2 skysharks
  A death drake (shapeshifter) (Elf:1)
  A skeletal warrior (D:15)
  A glowing orange brain (D:14)
  4 deep elf archers
  Pikel (D:4)
  5 harpies
  2 wizards
  17 deep elf zephyrmancers
  4 orc knights
  17 deep elf pyromancers
  2 necromancers
  11 ugly things
  5 manticores
  An orc sorcerer (Orc:1)
  3 cyclopes
  A moth of wrath (D:6)
  A stone giant zombie (D:15)
  2 stone giant skeletons (D:15)
  2 black mambas (Lair:3)
  4 elephants
  A guardian serpent (shapeshifter) (D:15)
  A torpor snail (Lair:3)
  A fire giant skeleton (D:15)
  14 cane toads
  A demonic crawler (Lair:2)
  3 centaur skeletons (D:12)
  8 rime drakes
  An efreet (D:14)
  15 komodo dragons
  A guardian mummy (D:15)
  3 polar bears
  7 trolls
  A queen bee (Lair:3)
  A polar bear (shapeshifter) (D:15)
  4 wind drakes
  6 blink frogs
  2 hornets
  A slime creature (D:14)
  3 air elementals
  4 centaur simulacra
  5 wraiths
  4 wyverns
  58 yaks
  A vampire (D:12)
  A human (shapeshifter) (Elf:1)
  2 water elementals
  A fire elemental (Elf:1)
  16 humans (D:14)
  5 basilisks
  Grum (D:11)
  8 vampire mosquitoes
  8 steam dragons
  Edmund (D:4)
  5 large abominations (D:15)
  An acid dragon (D:11)
  14 water moccasins
  30 orc warriors
  A hornet zombie (D:6)
  Duvessa (D:7)
  A black bear (D:5)
  7 small abominations (D:15)
  An ogre (D:5)
  19 wolves
  3 centaurs
  2 lemures (D:4)
  A phantom (D:5)
  Blork the orc (D:4)
  6 bullfrogs
  3 kobold brigands (D:9)
  4 gnoll sergeants
  15 scorpions
  An earth elemental (Elf:1)
  Dowan (D:7)
  51 killer bees
  A vampire bat (D:9)
  5 howler monkeys
  3 bullfrog zombies (D:6)
  A bullfrog skeleton (D:6)
  A jelly (D:8)
  Crazy Yiuf (D:2)
  2 gnoll boudas (D:5)
  17 orc priests
  5 hounds
  3 iguanas
  Natasha (twice) (D:3)
  32 orc wizards
  6 hell rats
  7 adders
  26 gnolls
  A howler monkey skeleton (D:6)
  3 river rats
  3 shadow imps
  2 white imps (D:6)
  2 worms
  6 dart slugs
  86 orcs
  4 endoplasms
  2 giant cockroaches
  14 hobgoblins
  5 jackals
  8 quokkas
  12 ball pythons
  14 bats
  6 frilled lizards
  7 goblins
  18 kobolds
  10 rats
  A butterfly (Lair:1)
853 creatures vanquished.

Vanquished Creatures (others)
  3 deep elf knights
  A deep elf pyromancer (Elf:1)
  A cane toad (Lair:3)
  An air elemental (Elf:1)
  A wolf (Lair:5)
  A killer bee (Lair:3)
8 creatures vanquished.

Grand Total: 861 creatures vanquished

Notes
Turn   | Place    | Note
-------+----------+-------------------------------------------
     0 | D:1      | billyroblox the Minotaur Fighter began the quest for the
                  | Orb.
     0 | D:1      | Reached XP level 1. HP: 19/19 MP: 0/0
   159 | D:1      | You fall into a shaft and drop 1 floor!
   175 | D:2      | Reached XP level 2. HP: 27/27 MP: 1/1
   381 | D:2      | Reached skill level 4 in Shields
   382 | D:2      | Reached XP level 3. HP: 24/33 MP: 2/2
   747 | D:2      | Found a runed translucent door.
   748 | D:2      | Noticed Crazy Yiuf
  1563 | D:3      | Found a faded altar of an unknown god.
  1565 | D:3      | Noticed a scorpion
  1568 | D:3      | Killed a scorpion
  1569 | D:3      | Reached XP level 4. HP: 40/40 MP: 3/3
  1594 | D:3      | Found a hazy altar of Hepliaklqana.
  1594 | D:3      | Noticed Natasha
  1596 | D:3      | Killed Natasha
  1597 | D:3      | Reached XP level 5. HP: 46/46 MP: 4/4
  1894 | D:3      | Noticed Natasha
  1903 | D:3      | Killed Natasha
  1904 | D:3      | Reached skill level 5 in Maces & Flails
  2233 | D:2      | Killed Crazy Yiuf
  2351 | D:4      | Noticed Edmund
  2359 | D:4      | Killed Edmund
  2360 | D:4      | Reached skill level 5 in Armour
  2360 | D:4      | Reached skill level 1 in Dodging
  2360 | D:4      | Reached XP level 6. HP: 35/53 MP: 5/5
  2547 | D:4      | Found Dony's Magic Scroll Shoppe.
  2635 | D:4      | Noticed Blork the orc
  2648 | D:4      | Killed Blork the orc
  2649 | D:4      | Reached XP level 7. HP: 60/60 MP: 6/6
  2873 | D:4      | Noticed Pikel
  2889 | D:4      | Killed Pikel
  2890 | D:4      | Reached skill level 5 in Shields
  2890 | D:4      | Reached XP level 8. HP: 52/67 MP: 7/7
  3152 | D:5      | Entered Level 5 of the Dungeon
  3277 | D:5      | Reached skill level 5 in Fighting
  3308 | D:5      | Found a staircase to the Ecumenical Temple.
  3324 | Temple   | Entered the Ecumenical Temple
  3736 | D:5      | Reached skill level 10 in Maces & Flails
  3736 | D:5      | Found Ulesost's Assorted Antiques.
  3765 | D:5      | Found a shimmering blue altar of Sif Muna.
  3779 | D:5      | Reached skill level 6 in Shields
  3854 | D:5      | Found a stormy altar of Qazlal.
  4012 | D:5      | Noticed an air elemental
  4020 | D:5      | Became a worshipper of Qazlal Stormbringer
  4070 | D:5      | Reached XP level 9. HP: 74/74 MP: 8/8
  4382 | D:5      | Found a glowing golden altar of the Shining One.
  4382 | D:5      | Found a burning altar of Makhleb.
  4781 | D:6      | Noticed a moth of wrath
  4785 | D:6      | Found a bloodstained altar of Trog.
  4791 | D:6      | Reached * piety under Qazlal
  4831 | D:6      | Killed a moth of wrath
  4832 | D:6      | Reached skill level 7 in Shields
  5063 | D:6      | Identified the +4 dagger of Ancient Evil {drain, *Noise
                  | rN+++ rCorr Int-4}
  5394 | D:7      | Noticed Dowan
  5394 | D:7      | Noticed Duvessa
  5406 | D:7      | Killed Duvessa
  5421 | D:7      | Killed Dowan
  5648 | D:7      | Reached ** piety under Qazlal
  5958 | D:7      | Reached XP level 10. HP: 61/83 MP: 9/9
  6249 | D:8      | Found a white marble altar of Elyvilon.
  6418 | D:8      | Found an iron altar of Okawaru.
  6424 | D:8      | Reached skill level 8 in Shields
  6907 | D:8      | Found an ornate altar of the Wu Jian Council.
  7494 | D:9      | Reached skill level 10 in Armour
  7558 | D:9      | Found a radiant altar of Vehumet.
  7573 | D:9      | Reached *** piety under Qazlal
  7658 | D:9      | Found a sacrificial altar of Ru.
  7826 | D:9      | Found the +11 Singing Sword {sonic wave}
  7894 | D:9      | Reached skill level 9 in Shields
  8387 | D:10     | Entered Level 10 of the Dungeon
  8575 | D:10     | Noticed an obsidian statue
  8799 | D:10     | Noticed a centaur warrior
  8801 | D:10     | Noticed a five-headed hydra
  8806 | D:10     | Noticed an ogre mage
  8808 | D:10     | Killed a five-headed hydra
  8809 | D:10     | Reached XP level 11. HP: 18/92 MP: 10/10
  8814 | D:10     | Killed a centaur warrior
  8825 | D:10     | Killed an ogre mage
  8859 | D:10     | Noticed a boulder beetle
  9073 | D:10     | Killed a boulder beetle
  9074 | D:10     | Reached skill level 10 in Shields
  9232 | D:10     | Reached **** piety under Qazlal
  9398 | D:10     | Found a broken altar of Ashenzari.
  9616 | D:10     | Found a shadowy altar of Dithmenos.
  9827 | D:11     | Noticed Grum
  9839 | D:11     | Killed Grum
  9840 | D:11     | Reached skill level 15 in Maces & Flails
  9973 | D:11     | Noticed a two-headed ogre
  9978 | D:11     | Killed a two-headed ogre
 10012 | D:11     | Noticed a four-headed hydra
 10030 | D:11     | Killed a four-headed hydra
 10214 | D:11     | Noticed a red ugly thing
 10214 | D:11     | Noticed a death yak
 10217 | D:11     | Noticed a death yak
 10221 | D:11     | Noticed a death yak
 10225 | D:11     | Killed a red ugly thing
 10226 | D:11     | Reached skill level 11 in Shields
 10228 | D:11     | Killed a death yak
 10230 | D:11     | Killed a death yak
 10234 | D:11     | Killed a death yak
 10235 | D:11     | Reached XP level 12. HP: 70/101 MP: 11/11
 10325 | D:11     | Found a staircase to the Lair.
 10603 | D:11     | Reached ***** piety under Qazlal
 10604 | D:11     | Reached skill level 12 in Shields
 11042 | D:12     | Noticed an apis
 11058 | D:12     | Killed an apis
 11170 | D:12     | Noticed an apis
 11171 | D:12     | Found a glowing silver altar of Zin.
 11171 | D:12     | Noticed a death knight
 11177 | D:12     | Noticed an apis
 11190 | D:12     | Noticed an apis
 11200 | D:11     | Killed an apis
 11646 | D:12     | Killed a death knight
 11763 | D:12     | Reached skill level 13 in Shields
 11787 | D:12     | Noticed a boulder beetle
 11804 | D:12     | Killed a boulder beetle
 11954 | D:12     | Noticed a boulder beetle
 11978 | D:12     | Killed a boulder beetle
 12227 | D:12     | Found a staircase to the Orcish Mines.
 12426 | D:12     | Noticed a death knight
 12451 | D:12     | Noticed an apis
 12708 | D:12     | Killed a death knight
 12849 | D:11     | Killed an apis
 12969 | D:12     | Killed an apis
 12970 | D:12     | Reached skill level 14 in Shields
 12970 | D:12     | Reached XP level 13. HP: 99/111 MP: 12/12
 12983 | D:12     | Killed an apis
 13581 | Lair:1   | Entered Level 1 of the Lair of Beasts
 14234 | Lair:1   | You fall into a shaft and drop 1 floor!
 14471 | Lair:2   | Reached skill level 10 in Fighting
 14876 | Lair:2   | Found a hole to the Spider Nest.
 15431 | Lair:3   | Reached skill level 15 in Shields
 16027 | Lair:3   | Reached ****** piety under Qazlal
 16524 | Lair:3   | Reached skill level 16 in Shields
 16759 | Lair:3   | Found a staircase to the Shoals.
 17309 | Lair:4   | Reached XP level 14. HP: 119/124 MP: 13/13
 18323 | Lair:5   | Entered Level 5 of the Lair of Beasts
 18519 | Lair:4   | Reached skill level 17 in Shields
 18918 | Lair:5   | Found a staircase to the Slime Pits.
 18921 | Lair:5   | Found a viscous altar of Jiyva.
 19305 | Lair:5   | Reached skill level 18 in Shields
 19847 | Lair:5   | Found the ring of the Octopus King
 19848 | Lair:5   | Identified the staff of fire "Ydaniggibim" {Contam rF+
                  | Will+ rCorr Dex+4}
 19849 | Lair:5   | Identified a ring of the Octopus King {rF+ HP+2 AC+2 EV+2
                  | SH+2}
 20624 | D:13     | Identified the +1 ring mail "Popp" {Drain rElec Int+5}
 20634 | D:13     | Found Rise's CLEARANCE SALE!.
 21003 | D:14     | Noticed Urug
 21012 | D:14     | Noticed Nessos
 21025 | D:14     | Reached XP level 15. HP: 99/136 MP: 14/14
 21026 | D:14     | Killed Nessos
 21037 | D:14     | Killed Urug
 21239 | D:14     | Reached skill level 19 in Shields
 21325 | D:14     | Noticed Rupert
 21364 | D:14     | Killed Rupert
 21644 | D:14     | Identified the ring "Qourhieh" {rElec rC+ Str+6}
 21839 | D:14     | Found a gate to the Vaults.
 21989 | D:14     | Noticed Frances
 22041 | D:14     | Killed Frances
 22628 | D:15     | Entered Level 15 of the Dungeon
 22642 | D:15     | Found an opulent altar of Gozag.
 22780 | D:15     | Found a staircase to the Depths.
 23388 | D:15     | Reached skill level 20 in Shields
 24684 | Orc:1    | Entered Level 1 of the Orcish Mines
 24706 | Orc:1    | Reached skill level 15 in Armour
 24832 | Orc:2    | Entered Level 2 of the Orcish Mines
 24846 | Orc:2    | Noticed Donald
 24936 | Orc:2    | Killed Donald
 25243 | Orc:2    | Noticed Sonja
 25251 | Orc:2    | Killed Sonja
 25427 | Orc:1    | Noticed Erica
 25455 | Orc:1    | Killed Erica
 26046 | Orc:2    | Found Vankah's Antique Weapon Boutique.
 26083 | Orc:2    | Found a staircase to the Elven Halls.
 26292 | Orc:2    | Reached skill level 15 in Fighting
 26351 | Orc:2    | Found Vabe's Antique Armour Shoppe.
 26353 | Orc:2    | Found Yckeech's Antique Weapon Emporium.
 26517 | Orc:2    | Found Alusch's Book Shop.
 26823 | Shoals:1 | Entered Level 1 of the Shoals
 27351 | Elf:1    | Entered Level 1 of the Elven Halls
 27579 | Elf:1    | Reached XP level 16. HP: 149/149 MP: 15/15
 27645 | Elf:1    | Reached skill level 5 in Dodging
 27660 | Elf:1    | Reached skill level 21 in Shields
 28045 | Elf:1    | Found Bailouvi's Assorted Antiques.
 28046 | Elf:1    | Found Cepn's Armour Boutique.
 28050 | Elf:1    | Found Miroc's Weapon Boutique.
 28077 | Elf:1    | Found Ydabb's Distillery.
 28468 | Elf:1    | Got Sif Muna's Precepts of Adjuration
 28780 | Elf:1    | Found Neowehai's Book Shoppe.
 29114 | Elf:2    | Found Sylynk's Weapon Emporium.
 29626 | Elf:2    | Reached skill level 22 in Shields
 29665 | Elf:2    | Found a runed translucent gate.
 29666 | Elf:2    | Found a runed translucent gate.
 29666 | Elf:2    | Found a runed translucent gate.
 29681 | Elf:2    | Paralysed by an air elemental for 1 turns
 30060 | Elf:2    | Identified the +8 dagger "Enoagg" {spect, rC++}
 30191 | Elf:2    | Noticed a deep elf blademaster
 30206 | Elf:2    | Found a bloodstained altar of Trog.
 30206 | Elf:2    | Noticed a deep elf blademaster
 30207 | Elf:2    | Noticed a deep elf blademaster
 30207 | Elf:2    | Noticed a deep elf blademaster
 30207 | Elf:2    | Noticed kalagan's ghost (adept DECj)
 30229 | Elf:2    | Found a transporter.
 30232 | Elf:2    | Found a transporter.
 30338 | Elf:2    | Noticed a deep elf blademaster
 30356 | Elf:2    | Killed a deep elf blademaster
 30391 | Elf:2    | HP: 2/156 [+2 glaive of distortion (22)]
 30392 | Elf:2    | Mangled by a +2 trident of distortion

Illustrated notes

Levels and vault maps discovered:
D:1:      eino_arrival_water_cross, layout_basic, dreamdust_wishing_well
D:2:      layout_rooms, uniq_crazy_yiuf_cottage
D:3:      layout_loops_ring, nicolae_hepliaklqana_hazy_memory,
          ebering_ecumenical_altar_abandoned, uniq_natasha
D:4:      layout_basic, serial_shops, shop, uniq_pikel, uniq_blork_the_orc,
          uniq_edmund
D:5:      layout_cave_pools, nicolae_qazlal_style_of_elements,
          nicolae_sif_muna_condensation, gammafunk_temple_overflow_wave,
          minmay_temple_entry_slanted, serial_gnoll_camp, gnoll_camp_mini_hut,
          gnoll_camp_mini_hut, gnoll_camp_mini_shop, gnoll_camp_medium_02
D:6:      layout_loops_cross, tgw_trog, serial_undead, serial_undead_a,
          serial_undead_f, serial_undead_e, serial_undead_b, nicolae_titane
D:7:      layout_basic, uniq_duvessa
D:8:      layout_basic, overflow_temple_1_default, okawaru_metal_pillars_3,
          elyvilon_altar_5
D:9:      old_forge, layout_loops_corners, vehumet_altar_wand_db,
          hangedman_ru_absence, roderic_batcave
D:10:     minmay_blocky_corners, layout_basic, kennysheep_little_box,
          lemuel_round_altar, minmay_protected_statue
D:11:     layout_loops_ring, dpeg_lair_monsters, uniq_grum
D:12:     dreamdust_under_siege, layout_basic, orc_0_dummy
D:13:     layout_loops_cross, nicolae_shop_clearance
D:14:     layout_gridville, david_vaults_3, minmay_hollow_rounded_squares,
          uniq_frances
D:15:     gammafunk_depths_entry_grave, layout_basic,
          nicolae_gozag_seed_capital, laboratory
Temple:   chequers_temple_sunken
Lair:1:   layout_regular_city, lemuel_fruit_tree, grunt_megastairs_5,
          lemuel_fruit_fields
Lair:2:   layout_loops_ring, nicolae_spider_entry_non_spiders,
          infiniplex_staircase_pool_2
Lair:3:   regret_index_bee_streams, layout_regular_city,
          minmay_shoals_entry_beasts, nicolae_volcano_entry_two_sided,
          grunt_megastairs_4
Lair:4:   layout_cave_shapes
Lair:5:   gammafunk_lair_ancient_temple, layout_concentric_octagons,
          slime_entry_1, grunt_megastairs_2, uniq_nessos
Shoals:1: argonaut_golden_fleece, layout_shoals, serial_shops, shop
Orc:1:    layout_caves, basic_altar, mines4_lemuel, uniq_erica
Orc:2:    grunt_orc_community_town_hall, layout_caves,
          grunt_orc_community_big_house_2, grunt_orc_community_big_house_1,
          grunt_orc_community_house_3, grunt_orc_community_house_3,
          grunt_orc_community_house_2, grunt_orc_community_house_1,
          grunt_orc_community_house_2, uniq_sonja, uniq_donald
Elf:1:    eino_elf_arrival_shootout, layout_rooms, serial_shops, shop,
          minmay_elf_demonology, minmay_shop_grid_forest
Elf:2:    nicolae_elf_blades_crystal_corner, layout_loops_ring,
          gammafunk_ghost_wrathful_warriors, serial_shops,
          nicolae_shop_pleasant_corner_grove, drop_trap,
          kennysheep_underground_church

Skill      XL: |  1  2  3  4  5  6  7  8  9 10 11 12 13 14 15 16 |
---------------+-------------------------------------------------+-----
Armour         | 4 5 6 7 8 10 11 12 13 14 15 16 | 16.1
Maces & Flails | 3 4 6 8 10 12 14 15 16 17 | 17.5
Shields        | 4 5 6 7 9 11 14 16 18 20 22 | 22.3
Fighting       | 4 5 6 7 8 9 11 13 15 16 | 16.8
Dodging        | 1 2 3 4 5 |  5.0

Action                     |  1- 3 |  4- 6 |  7- 9 | 10-12 | 13-15 | 16-18 || total
---------------------------+-------+-------+-------+-------+-------+-------++-------
  Melee: Flail             |    99 |    52 |       |       |       |   241 ||   392
         Headbutt          |    13 |    19 |    63 |   152 |   417 |    79 ||   743
         Mace              |       |    31 |   293 |   612 |  1544 |   108 ||  2588
  Evoke: Wand              |       |       |     1 |     2 |     4 |       ||     7
    Use: Potion            |       |       |       |     2 |     2 |     3 ||     7
         Scroll            |       |       |       |    12 |    11 |     2 ||    25
   Stab: Held in net/web   |       |       |       |     2 |       |       ||     2
 Armour: Scale mail        |    33 |    31 |     5 |       |       |       ||    69
         Chain mail        |       |       |   114 |    26 |       |       ||   140
         Plate armour      |       |       |       |   154 |   372 |    84 ||   610
  Dodge: Dodged            |    54 |    28 |    81 |   111 |   236 |    52 ||   562
         Repelled          |       |       |       |       |     3 |    12 ||    15
  Block: Buckler           |    21 |       |       |       |       |       ||    21
         Kite shield       |     7 |    46 |   148 |   449 |  1586 |   342 ||  2578
         Reflection        |       |       |       |     7 |    36 |    31 ||    74
